Map: Cerulean Fall LE

Players

Bioice - Winner!

  • Race: Zerg Zerg
  • Spawn Location: 1:00

Beez

  • Race: Zerg Zerg
  • Spawn Location: 7:00

Event: WCS Montreal 2018

VOD

Have the link to the VOD?

Description

Time

  • Played on: Sept. 7, 2018, 12:26 p.m.
  • Length: 8:00

All games in this series

Show
View Real Time Build Order
Export as new Build Order

Bioice Zerg - Winner!

Build Orders: Hatch First 

Get SALT Encoding   

  12  0:01  Drone  
  13  0:13  Overlord  
  13  0:17  Drone  
  14  0:31  Drone x2  
  16  0:50  Hatchery  
  16  0:53  Drone  
  16  0:57  Drone  
  16  1:00  Drone  
  18  1:08  Extractor  
  17  1:15  Spawning Pool  
  16  1:19  Drone  
  16  1:22  Drone  
  18  1:33  Drone  
  18  1:39  Drone  
  20  1:51  Overlord  
  20  2:02  Queen x2  
  20  2:04  Zergling x4  
  26  2:09  Metabolic Boost  
  26  2:17  Drone x2  
  28  2:24  Drone  
  28  2:25  Drone  
  30  2:40  Hatchery  
  29  2:48  Drone, Baneling Nest  
  29  2:50  Drone  
  30  2:54  Zergling x4  
  32  2:59  Overlord  
  32  3:05  Drone x2  
  34  3:11  Queen  
  36  3:20  Overlord  
  36  3:23  Drone x2  
  36  3:26  Zergling x4  
  40  3:31  Drone  
  40  3:32  Drone  
  42  3:34  Drone  
  42  3:37  Overlord  
  42  3:40  Drone  
  44  3:53  Baneling  
  44  3:54  Baneling, Zergling x4  
  46  3:56  Drone x5  
  51  4:06  Evolution Chamber  
  51  4:07  Roach Warren  
  49  4:10  Extractor x2, Drone  
  49  4:15  Zergling x4  
  47  4:17  Drone x2  
  47  4:22  Drone x2  
  47  4:23  Drone  
  51  4:25  Drone  
  51  4:26  Baneling x2  
  52  4:32  Drone  
  52  4:33  Drone x3  
  52  4:35  Drone  
  57  4:42  Overlord  
  57  4:50  Drone x3  
  60  4:54  Baneling x2  
  60  4:55  Roach x2  
  60  4:56  Overlord  
  60  4:59  Zerg Missile Weapons Level 1  
  64  5:01  Baneling x2  
  64  5:07  Roach x3  
  64  5:11  Roach  
  64  5:12  Roach  
  73  5:18  Lair  
  73  5:22  Roach  
  73  5:28  Baneling x2  
  75  5:31  Roach  
  75  5:33  Overlord x2  
  77  5:38  Overlord  
  77  5:39  Drone x2  
  81  5:43  Roach  
  81  5:44  Overlord x2  
  81  5:54  Drone  
  81  5:55  Drone x6  
  81  5:56  Drone  
  89  6:00  Extractor  
  89  6:02  Extractor, Drone  
  88  6:07  Drone  
  88  6:08  Drone x4  
  88  6:09  Hatchery  
  91  6:22  Roach x4  
  91  6:23  Roach x3  
  102  6:28  Roach  
  102  6:29  Overlord x2  
  102  6:31  Roach  
  104  6:37  Ravager  
  104  6:38  Ravager  
  104  6:39  Ravager x2  
  105  6:40  Roach x2  
  105  6:41  Roach x3  
  105  6:43  Roach  
  107  6:48  Roach x3  
  107  6:49  Roach  
  104  6:55  Roach x2  
  104  6:56  Roach  
  104  6:58  Overlord  
  110  7:04  Roach x3  
  116  7:14  Roach x3  
  122  7:16  Overlord  
  122  7:21  Roach x3  
  128  7:26  Drone x3  
  128  7:27  Drone  
  128  7:28  Extractor  
  127  7:30  Hydralisk Den  
  120  7:39  Drone x2  
  120  7:40  Drone  
  111  7:45  Drone  
  111  7:46  Drone x11  
  121  7:55  Extractor  
  114  7:59  Extractor  
Show
View Real Time Build Order
Export as new Build Order

Beez Zerg 

Build Orders: Hatch First 

Get SALT Encoding   

  12  0:00  Drone  
  13  0:12  Overlord  
  13  0:17  Drone  
  14  0:30  Drone  
  14  0:31  Drone  
  16  0:37  Drone  
  17  0:51  Hatchery  
  17  0:55  Drone  
  17  0:58  Drone  
  18  1:09  Extractor  
  17  1:13  Spawning Pool  
  17  1:16  Drone  
  17  1:20  Drone  
  18  1:29  Drone  
  19  1:41  Overlord  
  19  1:51  Drone  
  20  2:01  Zergling x2  
  20  2:02  Queen  
  20  2:03  Queen  
  20  2:04  Zergling x2  
  26  2:09  Metabolic Boost  
  26  2:25  Hatchery  
  25  2:35  Drone x3  
  25  2:36  Drone  
  29  2:46  Queen  
  31  2:57  Overlord  
  31  2:59  Drone x2  
  31  3:03  Baneling Nest  
  32  3:12  Drone x4  
  36  3:36  Drone  
  36  3:37  Drone x5  
  36  3:41  Overlord x2  
  42  3:44  Queen  
  42  3:45  Zergling x4  
  46  3:52  Zergling x6  
  46  3:53  Baneling  
  46  3:54  Baneling  
  47  4:25  Zergling x2  
  47  4:26  Zergling x20  
  47  4:28  Baneling x2  
  58  4:33  Overlord  
  58  4:34  Lair  
  58  4:35  Overlord x2  
  57  4:38  Extractor  
  56  4:54  Overlord x2  
  56  4:55  Drone x2, Overlord  
  56  4:56  Drone  
  56  4:57  Drone x3  
  56  4:58  Drone x2  
  64  5:11  Baneling x2  
  61  5:15  Drone x4  
  61  5:17  Extractor, Drone x3  
  61  5:19  Extractor  
  66  5:32  Drone  
  66  5:33  Drone  
  66  5:34  Drone x7  
  72  5:46  Spire  
  71  5:52  Zergling x2  
  71  5:53  Zergling x6  
  75  6:05  Zergling x2  
  75  6:06  Zergling x22  
  76  6:25  Zergling x2  
  76  6:26  Zergling x10  
  74  6:40  Zergling x2  
  74  6:41  Zergling x10  
  73  6:57  Mutalisk  
  73  6:58  Mutalisk x6  
  73  7:00  Roach Warren  
  86  7:01  Drone  
  86  7:02  Drone x3  
  86  7:03  Evolution Chamber  
  86  7:04  Drone, Evolution Chamber  
  89  7:14  Zergling x2  
  89  7:15  Zergling x8  
  87  7:27  Mutalisk  
  87  7:28  Mutalisk x3  
  89  7:30  Zergling x2  
  89  7:31  Zergling x4  
  83  7:39  Hatchery  
  83  7:40  Drone  
  83  7:41  Drone x4  
Tags
 
Add a new tag
Caveats
  • Supply blocks, unpowered buildings, or Contaminate may cause inaccurate times.
  • Supply counts are checked every 10 seconds.